Map: Cosmic Sapphire

Players

A.I. 1 (Very Easy)

  • Race: Protoss Protoss
  • Spawn Location: 11:00

Kanooten - Winner!

  • Race: Terran Terran
  • League: Diamond
  • Spawn Location: 5:00

VOD

Have the link to the VOD?

Description

Time

  • Played on: Oct. 1, 2022, 12:52 p.m.
  • Length: 8:35
Show
View Real Time Build Order
Export as new Build Order

A.I. 1 (Very Easy) Protoss 

Build Orders: 1 Gate Expand, Nexus First 

Get SALT Encoding   

  12  0:00  Probe  
  13  0:13  Probe  
  14  0:19  Pylon  
  14  0:42  Gateway  
  14  1:01  Nexus  
  14  1:19  Pylon  
  14  1:22  Zealot  
  14  1:23  Assimilator  
  16  1:35  Probe  
  16  1:37  Cybernetics Core  
  17  1:44  Probe  
  18  1:54  Probe  
  19  2:03  Probe  
  19  2:05  Assimilator  
  19  2:07  Stalker  
  20  2:14  Probe  
  23  2:17  Warp Gate  
  23  2:19  Probe  
  24  2:29  Probe  
  25  2:36  Probe  
  26  2:51  Probe  
  27  2:52  Assimilator  
  27  2:55  Pylon  
  27  2:58  Probe  
  28  3:05  Probe  
  29  3:12  Probe, Robotics Facility  
  30  3:19  Probe  
  31  3:23  Probe  
  32  3:30  Zealot  
  32  3:34  Probe  
  35  3:39  Probe  
  36  3:48  Probe  
  37  3:55  Probe  
  38  4:02  Probe, Observer  
  40  4:09  Probe  
  41  4:10  Assimilator  
  41  4:13  Probe  
  42  4:20  Probe  
  42  4:23  Observer  
  44  4:29  Probe  
  45  4:35  Pylon  
  45  4:36  Probe  
  46  4:44  Sentry  
  46  4:45  Probe  
  49  4:52  Probe  
  50  5:10  Probe  
  50  5:13  Probe  
  48  5:25  Probe  
  48  5:28  Probe  
  42  5:39  Probe  
  43  5:46  Probe  
  44  5:53  Probe  
  45  6:00  Probe  
  46  6:07  Probe  
  47  6:13  Probe  
  48  6:20  Probe  
  48  6:25  Probe  
  49  6:30  Stalker  
  49  6:32  Probe  
  37  6:43  Probe  
  27  6:51  Probe  
  24  6:58  Probe  
  24  6:59  Stalker  
  27  7:05  Probe  
  25  7:12  Probe  
  19  7:17  Probe  
  19  7:18  Immortal  
  11  7:27  Probe  
  16  7:30  Probe  
  16  7:41  Probe  
  17  7:48  Probe  
  18  7:55  Probe  
  18  7:56  Stalker  
  21  8:02  Probe  
  14  8:17  Probe  
  13  8:25  Stalker  
Show
View Real Time Build Order
Export as new Build Order

Kanooten Terran - Winner!

Build Orders: Mech 

Get SALT Encoding   

  12  0:01  SCV  
  13  0:13  SCV  
  14  0:18  Supply Depot  
  14  0:26  SCV  
  15  0:40  SCV  
  15  0:42  Barracks  
  16  0:50  Refinery  
  16  0:52  SCV  
  17  1:04  SCV  
  18  1:20  SCV  
  19  1:28  Marine  
  19  1:32  Orbital Command  
  20  1:40  Command Center  
  20  1:47  Barracks Reactor  
  20  1:53  Refinery  
  20  1:59  SCV  
  21  2:01  Supply Depot  
  22  2:15  SCV  
  22  2:26  Factory  
  22  2:29  SCV  
  23  2:33  Barracks Tech Lab  
  23  2:41  SCV  
  24  2:51  Orbital Command  
  24  2:56  SCV  
  25  3:08  SCV  
  25  3:11  Starport  
  30  3:12  Widow Mine  
  30  3:13  Widow Mine  
  30  3:18  SCV  
  31  3:20  SCV  
  31  3:21  Marine  
  33  3:32  Supply Depot  
  33  3:33  SCV  
  33  3:34  SCV, Command Center  
  35  3:39  Marine  
  36  3:42  Stimpack  
  36  3:44  Widow Mine  
  36  3:45  SCV  
  36  3:46  SCV  
  40  3:51  Medivac  
  42  3:57  SCV  
  42  3:59  SCV, Marine  
  45  4:04  Widow Mine  
  45  4:05  Widow Mine  
  49  4:14  Supply Depot  
  49  4:16  Supply Depot  
  49  4:17  SCV x2, Marine  
  51  4:21  Refinery  
  51  4:23  Medivac  
  51  4:24  Refinery  
  54  4:35  Marine  
  54  4:36  SCV x2  
  57  4:39  Supply Depot  
  57  4:40  Supply Depot  
  57  4:47  Factory  
  57  4:50  SCV, Factory  
  57  4:51  SCV  
  59  4:57  Marine  
  60  5:03  SCV x2  
  58  5:24  Marine  
  55  5:45  Factory Tech Lab, Armory  
  55  5:46  Factory Tech Lab, Armory  
  55  5:48  Orbital Command  
  55  5:50  SCV  
  55  5:52  SCV  
  55  5:56  Marine  
  58  6:02  SCV  
  59  6:08  Hellion x2  
  59  6:09  Siege Tank x2  
  59  6:11  SCV  
  70  6:13  Starport Reactor  
  70  6:14  SCV  
  71  6:22  Supply Depot  
  71  6:23  Supply Depot  
  70  6:40  Marine  
  70  6:41  Siege Tank  
  70  6:42  Siege Tank  
  70  6:43  Hellion x2  
  81  6:57  Marine  
  81  6:58  Medivac x2  
  85  7:15  Marine  
  85  7:20  Thor  
  85  7:22  Siege Tank  
  99  7:23  Hellion x2  
  99  7:38  Marine  
  104  7:44  Hellion x2  
  104  7:45  SCV x3  
  107  7:54  Siege Tank, Supply Depot  
  107  7:55  Supply Depot  
  107  7:57  SCV  
  109  8:20  Supply Depot  
Tags
 
Add a new tag
Caveats
  • Supply blocks, unpowered buildings, or Contaminate may cause inaccurate times.
  • Supply counts are checked every 10 seconds.